AoeStats
← Warcanoe

Arabia

510278239Analyzed
1v1 RM · 2d ago on Sep 30, 2026· 48m 39s· 2 players
Game mode
Random Map
Map size
Tiny (2 player)
Population
200
Speed
Normal
Resources
Standard
Victory
Conquest
Starting age
Dark Age
Ending age
Imperial Age
RankedLock teamsTeams togetherTeam positionsShared explorationLock speedFull tech treeHidden civsTurbo modeCheats
Victory
Defeat
🇨🇭 Spanish · Switzerland
848
+17
🇨🇳 Saxons · China
876
-17
Warcanoe
2:00 Loom
10:50 Feudal Age
16:51 Castle Age
15:03 Double-Bit Axe
17:11 Stone Mining
19:32 Fletching
22:54 Horse Collar
23:50 Gold Mining
24:55 Wheelbarrow
25:18 Scale Barding Armor
25:39 Bloodlines
28:32 Bodkin Arrow
29:07 Heavy Plow
35:28 Imperial Age
33:41 Gold Mining
34:07 Husbandry
34:30 Forging
37:10 Chemistry
36:33 Ballistics
35:47 Cavalier
38:47 Bow Saw
39:07 Chain Barding Armor
41:29 Plate Barding Armor
41:29 Iron Casting
45:05 Blast Furnace
44:07 Bracer
45:08 Conscription
精锐442
6:06 Loom
10:42 Feudal Age
13:34 Double-Bit Axe
20:01 Castle Age
18:33 Fletching
18:44 Padded Archer Armor
19:07 Horse Collar
23:35 Elite Skirmisher
24:13 Bodkin Arrow
24:34 Leather Archer Armor
24:44 Bow Saw
29:18 Imperial Age
32:10 Two-Man Saw
31:51 Wheelbarrow
32:30 Bracer
33:00 Ring Archer Armor
33:35 Chemistry
33:47 Squires
33:33 Arson
35:10 Ballistics
36:11 Forging
36:32 Gold Mining
38:06 Shield Wall
39:09 Masonry
40:16 Elite Varangian Guard
45:25 Clerical Recruitment
47:00 Devotion
47:13 Redemption
Connection lost

Rejoining the realm…

Still unreachable

The connection could not be restored.

Session expired

The server has moved on; the page needs a fresh start.